 Dungeon Crawl Stone Soup version 0.27.0-1-g7a089689b8 (webtiles) character file.

Game seed: 12800049636154173418

237206 bearlyready the Nimble (level 19, 5/161 HPs)
             Began as a Gnoll Monk on Aug 15, 2021.
             Was an Elder of Ashenzari.
             Quit the game on level 1 of the Vaults.
             The game lasted 02:01:35 (48988 turns).

bearlyready the Nimble (Gnoll Monk)                Turns: 48988, Time: 02:01:35

Health: 5/161      AC: 37    Str: 21    XL:     19   Next: 23%
Magic:  42/42      EV: 16    Int: 15    God:    Ashenzari [****..]
Gold:   2286       SH: 20    Dex: 18    Spells: 43/49 levels left

rFire    x . .     SeeInvis +   x - +2 demon trident (flame)
rCold    + . .     Faith    .   J - +0 kite shield of Ashenzari's Submission {Evo, Fort} (curse)
rNeg     . . .     Spirit   .   i - +8 plate armour "Tunnilud" {rF- Str+2 Int+4}
rPois    +         Reflect  +   o - +2 helmet "Share My Burden" {Cun, Self} (curse)
rElec    +         Harm     .   O - +2 cloak of the Wild Blue Yonder {Range, Evo} (curse)
rCorr    .         Rampage  .   e - +1 pair of gloves "Suspicion of Ashenzari" {Dex+3 Slay+2, Self, Range} (curse)
Will     +....     Clarity  +   q - +0 pair of boots "Paranoia of the Cosmos" {Range, Cun} (curse)
Stlth    ++........             R - amulet "Share My Polytheism" {Reflect rElec Regen+ SH+5, Fort, Cun} (curse)
HPRegen  1.36/turn              n - ring of Fytsuenu {Wiz rPois}
MPRegen  0.28/turn              X - ring "Insecurity of Ashenzari" {rC+, Evo, Comp} (curse)

@: marked
A: fangs 1, strong nose, distributed training, high mp 1, strong 1
}: 2/15 runes: serpentine, barnacled
a: Renounce Religion, Curse Item, Shatter the Chains


You were on level 1 of the Vaults.
You worshipped Ashenzari.
Ashenzari was greatly pleased with you.
You visited 6 branches of the dungeon, and saw 32 of its levels.
You also visited: Sewer, Ossuary, Gauntlet and Ice Cave.

You collected 3992 gold pieces.
You spent 1706 gold pieces at shops.

Inventory:

Hand Weapons
 x - a +2 demon trident of flaming (weapon)
Missiles
 w - 3 throwing nets
 E - 14 silver javelins
 F - 141 poisoned darts
 G - 38 boomerangs (quivered)
 M - 4 curare-tipped darts
 Q - 2 boomerangs of dispersal
 V - 19 javelins
Armour
 e - the cursed +1 pair of gloves "Suspicion of Ashenzari" (worn) {Dex+3 Slay+2, Self, Range}
   (You found it on level 6 of the Lair of Beasts)

   Dex:       It affects your dexterity (+3).
   Slay:      It affects your accuracy & damage with ranged weapons and melee
   (+2).
   It has a curse which improves the following skills: Introspection: Fighting
   and Spellcasting.
   Ranged Combat: Slings, Bows, Crossbows and Throwing.
 i - the +8 plate armour "Tunnilud" (worn) {rF- Str+2 Int+4}
   (You found it on level 6 of the Lair of Beasts)

   Str:       It affects your strength (+2).
   Int:       It affects your intelligence (+4).
   rF:        It makes you vulnerable to fire.
 o - the cursed +2 helmet "Share My Burden" (worn) {Cun, Self}
   (You found it on level 13 of the Dungeon)

   It has a curse which improves the following skills: Cunning: Dodging and
   Stealth.
   Introspection: Fighting and Spellcasting.
 p - a +0 tower shield
 q - the cursed +0 pair of boots "Paranoia of the Cosmos" (worn) {Range, Cun}
   (You found it in an ice cave)

   It has a curse which improves the following skills: Ranged Combat: Slings,
   Bows, Crossbows and Throwing.
   Cunning:   Dodging and Stealth.
 J - the cursed +0 kite shield of Ashenzari's Submission (worn) {Evo, Fort}
   (You found it on level 4 of the Dungeon)

   It has a curse which improves the following skills: Evocations: Evocations.
   Fortitude: Armour and Shields.
 O - the cursed +2 cloak of the Wild Blue Yonder (worn) {Range, Evo}
   (You took it off Crazy Yiuf on level 6 of the Dungeon)

   It has a curse which improves the following skills: Ranged Combat: Slings,
   Bows, Crossbows and Throwing.
   Evocations: Evocations.
Jewellery
 n - the ring of Fytsuenu (left hand) {Wiz rPois}
   (You found it on level 6 of the Lair of Beasts)

   [ring of wizardry]

   It improves your spell success rate.
   rPois:     It protects you from poison.
 R - the cursed amulet "Share My Polytheism" (around neck) {Reflect rElec Regen+ SH+5, Fort, Cun}
   (You bought it in a shop on level 4 of the Snake Pit)

   [amulet of reflection]

   It reflects blocked missile attacks.
   rElec:     It insulates you from electricity.
   Regen:     It increases your rate of health regeneration.
   SH:        It affects your SH (+5).
   It has a curse which improves the following skills: Fortitude: Armour and
   Shields.
   Cunning:   Dodging and Stealth.
 X - the cursed ring "Insecurity of Ashenzari" (right hand) {rC+, Evo, Comp}
   (You found it on level 8 of the Dungeon)

   [ring of protection from cold]

   rC:        It protects you from cold.
   It has a curse which improves the following skills: Evocations: Evocations.
   Companions: Summonings and Necromancy.
Wands
 a - a wand of polymorph (18)
 c - a wand of charming (5)
 g - a wand of mindburst (22)
 t - a wand of acid (11)
 N - a wand of flame (83)
 T - a wand of digging (3)
 W - a wand of iceblast (50)
Scrolls
 b - 2 scrolls of blinking
 k - a scroll of silence
 r - 5 scrolls of fear
 z - 10 scrolls of enchant armour
 A - 17 scrolls of teleportation
 D - 9 scrolls of enchant weapon
 I - 3 scrolls of summoning
 K - 3 scrolls of amnesia
 P - 4 scrolls of magic mapping
 U - 8 scrolls of fog
Potions
 d - 4 potions of heal wounds
 f - 4 potions of lignification
 j - 3 potions of mutation
 l - 5 potions of flight
 s - a potion of magic
 u - 4 potions of cancellation
 v - 2 potions of brilliance
 B - 7 potions of ambrosia
 C - 9 potions of curing
 H - 2 potions of might
 L - 3 potions of attraction
 S - 4 potions of haste
 Z - a potion of berserk rage
Miscellaneous
 h - a tin of tremorstones (inert)
 m - a condenser vane
 y - a lightning rod (4/4)
 Y - a phantom mirror


   Skills:
 + Level 14.0(17.0) Fighting
 + Level 12.7 Short Blades
 + Level 12.7 Long Blades
 + Level 12.7 Axes
 + Level 14.0 Maces & Flails
 + Level 12.7 Polearms
 + Level 12.7 Staves
 + Level 12.7(16.8) Slings
 + Level 12.7(16.8) Bows
 + Level 12.7(16.8) Crossbows
 + Level 12.7(16.8) Throwing
 + Level 12.7(15.8) Armour
 + Level 14.0(18.0) Dodging
 + Level 13.2(17.3) Stealth
 + Level 12.7(15.8) Shields
 + Level 12.7 Unarmed Combat
 + Level 12.7(15.8) Spellcasting
 + Level 10.9 Conjurations
 + Level 10.9 Hexes
 + Level 10.9(12.9) Summonings
 + Level 10.9(12.9) Necromancy
 + Level 10.9 Translocations
 + Level 10.9 Transmutations
 + Level 10.9 Fire Magic
 + Level 10.9 Ice Magic
 + Level 10.9 Air Magic
 + Level 10.9 Earth Magic
 + Level 10.9 Poison Magic
 + Level 13.7 Invocations
 + Level 12.7(16.8) Evocations


You had 43 spell levels left.
You knew the following spells:

 Your Spells              Type           Power      Damage    Failure   Level
a - Animate Skeleton      Necr           100%       N/A       1%          1
b - Call Canine Familiar  Summ           50%        N/A       1%          3
c - Slow                  Hex            44%        N/A       1%          2

Your spell library contained the following spells:

 Spells                   Type           Power      Damage    Failure   Level
 Apportation              Tloc           88%        N/A       1%          1
 Beastly Appendage        Tmut           88%        N/A       1%          1
 Corona                   Hex            48%        N/A       1%          1
 Magic Dart               Conj           100%       1d8       1%          1
 Pain                     Necr           100%       1d9       1%          1
 Shock                    Conj/Air       100%       1d9       1%          1
 Sting                    Tmut/Pois      100%       1d8       1%          1
 Summon Small Mammal      Summ           100%       N/A       1%          1
 Blink                    Tloc           N/A        N/A       1%          2
 Corpse Rot               Necr/Air       N/A        N/A       1%          2
 Searing Ray              Conj           88%        3d6       1%          2
 Static Discharge         Conj/Air       44%        N/A       1%          2
 Confusing Touch          Hex            44%        N/A       1%          3
 Dazzling Flash           Conj/Hex       88%        N/A       1%          3
 Ignite Poison            Fire/Tmut/Pois 44%        N/A       1%          3
 Ozocubu's Armour         Ice            44%        N/A       1%          3
 Portal Projectile        Hex/Tloc       88%        N/A       1%          3
 Stone Arrow              Conj/Erth      88%        3d12      1%          3
 Summon Guardian Golem    Hex/Summ       47%        N/A       1%          3
 Vampiric Draining        Necr           25%        2d9       1%          3
 Dispel Undead            Necr           50%        3d19      1%          4
 Summon Lightning Spire   Summ/Air       47%        N/A       1%          4
 Airstrike                Air            22%        N/A       2%          4
 Fulminant Prism          Conj/Hex       22%        3d13      2%          4
 Iskenderun's Mystic Bla  Conj/Tloc      44%        2d10      2%          4
 Leda's Liquefaction      Hex/Erth       22%        N/A       2%          4
 Agony                    Necr           50%        N/A       2%          5
 Excruciating Wounds      Necr           25%        N/A       2%          5
 Bolt of Magma            Conj/Fire/Erth 22%        4d11      6%          5
 Lightning Bolt           Conj/Air       22%        1d37      6%          5
 Manifold Assault         Tloc           44%        N/A       6%          5
 Silence                  Hex/Air        22%        N/A       6%          5
 Death Channel            Necr           25%        N/A       16%         6
 Iron Shot                Conj/Erth      22%        9d5       32%         6
 Starburst                Conj/Fire      22%        8x6d7     32%         6
 Statue Form              Tmut/Erth      29%        N/A       32%         6
 Haunt                    Necr/Summ      25%        N/A       61%         7
 Malign Gateway           Summ/Tloc      23%        N/A       75%         7
 Dragon Form              Tmut           22%        N/A       86%         7
 Ozocubu's Refrigeration  Ice            22%        4d9       86%         7
 Storm Form               Tmut/Air       22%        N/A       86%         7
 Summon Horrible Things   Summ           25%        N/A       99%         8
 Lehudib's Crystal Spear  Conj/Erth      22%        10d6      100%        8
 Maxwell's Capacitive Co  Air            22%        ∞         100%        8
 Dragon's Call            Summ           25%        N/A       100%        9
 Shatter                  Erth           22%        3d19*     100%        9


Dungeon Overview and Level Annotations

Branches:
Dungeon (15/15)            Temple (0/1) D:5            Lair (6/6) D:8
 Shoals (4/4) Lair:4        Snake (4/4) Lair:3        Slime (0/5) Lair:6
    Orc (2/2) D:10            Elf (0/3) Orc:2        Vaults (1/5) D:13
 Depths (0/5) D:15          Sewer (visited)         Ossuary (visited)
  IceCv (visited)         Gauntlet (visited)

Altars:
Ashenzari
Cheibriados
Dithmenos
Gozag
Hepliaklqana
Nemelex Xobeh
Ru
Trog
Uskayaw
Vehumet
Xom
The Shining One
Beogh
Lugonu

Shops:
D:10 **   D:14 ?   Orc:1 (   Orc:2 *([*   Snake:4 *

Portals:
Abyss: Lair:6
Trove: D:12 (give 17 potions of curing)

Annotations:
D:6 1 runed translucent door
D:9 1 runed translucent door


Innate Abilities, Weirdness & Mutations

You have very sharp teeth.
Your uncanny sense of smell can sniff out nearby items.
Your experience applies equally to all skills.
You have an increased reservoir of magic. (+10% MP)
Your muscles are strong. (Str +2)


Message History

You puncture the sphinx! You burn the sphinx.
The sphinx is heavily wounded.
The orc warlord misses you.
The vault sentinel hits you but does no damage.
The sphinx hits you but does no damage. You block the sphinx's attack.
The sphinx hits you but does no damage.
You barely miss the sphinx.
The sphinx is heavily wounded.
The orc warlord hits you with a +0 dire flail!
You block the vault sentinel's attack.
You puncture the sphinx! You burn the sphinx.
The sphinx is severely wounded.
The sphinx mumbles some strange words.
You suddenly lose the ability to move!
The orc warlord hits you with a +0 dire flail!!!
The vault sentinel blows a loud note on a signal horn!
The sphinx hits you but does no damage. x3
The orc warlord hits you with a +0 dire flail!!!
The vault sentinel completely misses you.
The sphinx hits you but does no damage. The sphinx hits you.
* * * LOW HITPOINT WARNING * * *
The sphinx hits you but does no damage.
The orc warlord hits you with a +0 dire flail!
* * * LOW HITPOINT WARNING * * *
The sphinx hits you!
* * * LOW HITPOINT WARNING * * *
The sphinx hits you but does no damage. x2
The vault sentinel hits you but does no damage.
The orc warlord hits you with a +0 dire flail!
* * * LOW HITPOINT WARNING * * *
The sphinx barely misses you.
The sphinx hits you but does no damage. x2
The ironbound convoker gestures at something while chanting.
The vault sentinel hits you with a +0 war axe.
* * * LOW HITPOINT WARNING * * *
The sphinx hits you but does no damage. The sphinx hits you.
* * * LOW HITPOINT WARNING * * *
The sphinx hits you but does no damage.
The orc warlord hits you but does no damage.
You can move again.
Are you sure you want to abandon this character and quit the game? (Confirm with "yes".)

* #...#...##
##.....###
#####'#######
#.#.#...#.#.
##.#.#.#.# ** *
* **#.#.#.#p#{#
,, ,, ,
#.#[#p#p#.# ***
* ,,,
#.#)#o#.#{#.#,
, , ,
{#..#@#p#.#..#,
, ,
,#.#H#p#.#.#.+,
, ,, ,
##.#.#c#.#.##,
, ,, , +.#
*,#c#.#.#,,,,,
,, ,##,* *
#.#.##, ,, * *
* *, ,
#.#.#,,,,,,,
******* *####


You could see an orc warlord (strong), a sphinx, a vault warden, a centaur
warrior, 2 vault sentinels, an ironbound convoker and a yaktaur.

Vanquished Creatures
  Vashnia (Snake:2)
  Nikola (Shoals:1)
  A kraken (Shoals:4)
  Polyphemus (Shoals:1)
  Frances (Snake:1)
  Donald (Shoals:4)
  Kirke (Lair:5)
  Roxanne (Snake:2)
  6 nagarajas
  Louise (Snake:1)
  An ironbound preserver (Vaults:1)
  A reaper (IceCv)
  Nessos (D:13)
  A dire elephant (D:15)
  Azrael (D:15)
  2 merfolk javelineers
  2 ettins
  3 merfolk impalers
  Harold (D:8)
  A yaktaur captain (Vaults:1)
  2 salamander tyrants (Snake:2)
  A centaur warrior (D:14)
  13 naga warriors
  A rakshasa (D:14)
  2 boulder beetles (D:11)
  4 merfolk avatars
  A catoblepas (Shoals:1)
  5 two-headed ogres
  7 hydras
  7 merfolk aquamancers (Shoals:4)
  An alligator snapping turtle (Shoals:3)
  An ironbound frostheart (Vaults:1)
  9 anacondas
  4 satyrs
  8 death yaks
  3 tengu warriors
  3 thrashing horrors (Lair:6)
  5 orc high priests
  8 shock serpents
  A shock serpent (shapeshifter) (Lair:6)
  14 naga sharpshooters
  Sonja (Lair:5)
  7 salamander mystics
  10 sea snakes
  The ghost of mainiacjoe the Quickloader, a novice GrHu (D:6)
  2 ironbound convokers (Vaults:1)
  4 naga ritualists
  17 harpies
  Pikel (D:7)
  7 mana vipers
  A wizard (D:14)
  6 cyclopes
  14 manticores
  8 ugly things
  16 salamanders
  2 deep elf pyromancers (D:15)
  2 orc sorcerers
  3 wolf spiders
  12 fauns
  An elephant (shapeshifter) (D:14)
  10 merfolk sirens
  12 naga magi
  An ice statue (IceCv)
  10 water nymphs
  6 elephants (Lair:6)
  Maurice (Orc:1)
  6 guardian serpents
  2 smoke demons (Lair:6)
  36 black mambas
  2 gargoyles
  9 cane toads
  4 kobold demonologists
  2 rime drakes
  3 unseen horrors
  3 yaktaurs
  9 komodo dragons
  3 tengu conjurers
  An ice devil (IceCv)
  2 entropy weaver simulacra (IceCv)
  2 efreet (D:15)
  22 merfolk
  A polar bear (Lair:6)
  A queen bee (D:10)
  An ancient zyme (Lair:6)
  Prince Ribbit (D:8)
  3 trolls
  2 tyrant leeches (Lair:4)
  5 wind drakes
  2 large abominations (Lair:6)
  23 slime creatures
  Grinder (D:6)
  3 dream sheep (Shoals:3)
  22 blink frogs
  8 snapping turtles
  2 ynoxinuls (Lair:6)
  4 shadows
  A spriggan (Lair:6)
  8 water elementals
  3 wyverns
  2 wraiths (D:12)
  6 fire elementals (D:15)
  2 golden eyes (Gauntlet)
  2 dire elephant simulacra (IceCv)
  9 basilisks
  3 hogs (Lair:5)
  32 yaks
  14 vampire mosquitoes
  A warg (Orc:2)
  2 death yak simulacra (IceCv)
  3 chaos spawn
  2 swamp worms (Lair:4)
  A harpy simulacrum (IceCv)
  35 nagas
  An acid dragon (D:14)
  2 hell hounds (D:15)
  9 water moccasins
  A sky beast (D:6)
  Purgy (Sewer)
  A black bear (shapeshifter) (D:15)
  A black bear (D:4)
  10 small abominations (Lair:6)
  A hornet zombie (D:5)
  25 orc warriors
  7 ogres
  12 wolves
  6 centaurs
  A lemure (D:7)
  3 kobold brigands
  Blork the orc (D:6)
  12 bullfrogs
  5 two-headed ogre simulacra (IceCv)
  4 cane toad simulacra (IceCv)
  A gnoll sergeant (D:6)
  5 scorpions
  A water moccasin zombie (D:5)
  A wyvern skeleton (D:7)
  A water moccasin skeleton (D:5)
  14 killer bees
  3 elephant simulacra (IceCv)
  2 electric eels (Lair:1)
  7 wights
  A howler monkey (D:9)
  A centaur zombie (D:9)
  A hound (D:5)
  6 jellies
  27 orc priests
  Crazy Yiuf (D:6)
  A gnoll shaman (D:4)
  2 centaur skeletons
  2 iguanas
  31 orc wizards
  7 troll simulacra (IceCv)
  2 wolf simulacra (IceCv)
  6 spriggan simulacra (IceCv)
  A hound zombie (D:5)
  8 mummies (Ossuary)
  3 howler monkey zombies
  Robin (D:2)
  11 adders
  22 gnolls
  A howler monkey skeleton (D:6)
  7 naga simulacra (IceCv)
  A shadow imp (D:6)
  11 white imps
  An ufetubus (IceCv)
  3 dart slugs
  102 orcs
  7 ball pythons
  3 bats (D:1)
  10 endoplasms
  3 giant cockroaches
  A gnoll zombie (Ossuary)
  10 goblins
  16 hobgoblins
  7 jackals
  6 quokkas
  7 frilled lizards
  3 hobgoblin zombies (Ossuary)
  17 kobolds
  3 kobold zombies (Ossuary)
  An orc zombie (Ossuary)
  5 rats
  2 tentacles (Shoals:4)
1094 creatures vanquished.

Vanquished Creatures (collateral kills)
  Asterion (Snake:2)
  A minotaur (Gauntlet)
  A naga sharpshooter (Snake:2)
3 creatures vanquished.

Vanquished Creatures (others)
  A faun (Shoals:1)
  A blink frog (Lair:6)
  A water elemental (Shoals:4)
  A golden eye (shapeshifter) (D:9)
  An orc wizard (Orc:2)
  An orc (Orc:1)
  53 fungi
  167 plants
  2 tentacles (Shoals:4)
  A withered plant (Gauntlet)
229 creatures vanquished.

Grand Total: 1326 creatures vanquished

Notes
Turn   | Place    | Note
-------+----------+-------------------------------------------
     0 | D:1      | bearlyready the Gnoll Monk began the quest for the Orb.
     0 | D:1      | Reached XP level 1. HP: 23/23 MP: 1/1
   165 | D:1      | Reached XP level 2. HP: 26/29 MP: 2/2
   509 | D:1      | Reached XP level 3. HP: 30/35 MP: 3/3
   797 | D:1      | Found a faded altar of an unknown god.
   970 | D:1      | Reached skill level 1 in Invocations
  1219 | D:2      | Noticed Robin
  1360 | D:1      | Reached skill level 1 in Short Blades
  1360 | D:1      | Reached skill level 1 in Long Blades
  1360 | D:1      | Reached skill level 1 in Axes
  1360 | D:1      | Reached skill level 1 in Polearms
  1360 | D:1      | Reached skill level 1 in Staves
  1360 | D:1      | Reached skill level 1 in Slings
  1360 | D:1      | Reached skill level 1 in Bows
  1360 | D:1      | Reached skill level 1 in Crossbows
  1360 | D:1      | Reached skill level 1 in Throwing
  1360 | D:1      | Reached skill level 1 in Armour
  1360 | D:1      | Reached skill level 1 in Shields
  1360 | D:1      | Reached skill level 1 in Unarmed Combat
  1360 | D:1      | Reached skill level 1 in Spellcasting
  1360 | D:1      | Reached skill level 1 in Evocations
  1525 | D:2      | Killed Robin
  1526 | D:2      | Reached XP level 4. HP: 17/41 MP: 5/5
  2177 | D:3      | Found an opulent altar of Gozag.
  2230 | D:3      | Reached skill level 1 in Conjurations
  2230 | D:3      | Reached skill level 1 in Hexes
  2230 | D:3      | Reached skill level 1 in Summonings
  2230 | D:3      | Reached skill level 1 in Necromancy
  2230 | D:3      | Reached skill level 1 in Translocations
  2230 | D:3      | Reached skill level 1 in Transmutations
  2230 | D:3      | Reached skill level 1 in Fire Magic
  2230 | D:3      | Reached skill level 1 in Ice Magic
  2230 | D:3      | Reached skill level 1 in Air Magic
  2230 | D:3      | Reached skill level 1 in Earth Magic
  2230 | D:3      | Reached skill level 1 in Poison Magic
  3061 | D:2      | Reached XP level 5. HP: 24/47 MP: 6/6
  3416 | D:3      | Found a shimmering altar of Xom.
  3510 | D:4      | Noticed a black bear
  3620 | D:4      | Found a bloodstained altar of Trog.
  3643 | D:4      | Found a sand-covered staircase.
  3648 | Ossuary  | Entered an ossuary
  3682 | Ossuary  | Gained mutation: Your muscles are strong. (Str +2) [potion
                  | of mutation]
  3682 | Ossuary  | Gained mutation: You have an increased reservoir of magic.
                  | (+10% MP) [potion of mutation]
  3719 | Ossuary  | Reached XP level 6. HP: 37/53 MP: 9/9
  4320 | D:4      | Found a hide-covered altar of Uskayaw.
  4342 | D:5      | Entered Level 5 of the Dungeon
  4428 | D:5      | Found a broken altar of Ashenzari.
  4434 | D:5      | Became a worshipper of Ashenzari the Shackled
  4443 | D:5      | Reached XP level 7. HP: 20/59 MP: 11/11
  4654 | D:5      | Found a hazy altar of Hepliaklqana.
  4677 | D:5      | Reached * piety under Ashenzari
  4731 | D:5      | Found a glowing drain.
  4878 | Sewer    | Entered a sewer
  5080 | Sewer    | Noticed Purgy
  5089 | Sewer    | Killed Purgy
  5199 | Sewer    | Reached skill level 5 in Short Blades
  5199 | Sewer    | Reached skill level 5 in Long Blades
  5199 | Sewer    | Reached skill level 5 in Axes
  5199 | Sewer    | Reached skill level 5 in Polearms
  5199 | Sewer    | Reached skill level 5 in Staves
  5199 | Sewer    | Reached skill level 5 in Slings
  5199 | Sewer    | Reached skill level 5 in Bows
  5199 | Sewer    | Reached skill level 5 in Crossbows
  5199 | Sewer    | Reached skill level 5 in Throwing
  5199 | Sewer    | Reached skill level 5 in Armour
  5199 | Sewer    | Reached skill level 5 in Shields
  5199 | Sewer    | Reached skill level 5 in Unarmed Combat
  5199 | Sewer    | Reached skill level 5 in Spellcasting
  5199 | Sewer    | Reached skill level 5 in Invocations
  5199 | Sewer    | Reached skill level 5 in Evocations
  5199 | Sewer    | Reached XP level 8. HP: 69/69 MP: 17/17
  5657 | D:5      | Found a sparkling altar of Nemelex Xobeh.
  5679 | D:5      | Found a sacrificial altar of Ru.
  5680 | D:5      | Found a radiant altar of Vehumet.
  5690 | D:5      | Reached ** piety under Ashenzari
  6184 | D:5      | Found a staircase to the Ecumenical Temple.
  6348 | D:5      | Reached XP level 9. HP: 71/75 MP: 18/18
  6461 | D:6      | Identified the +5 mace of the Establishment {vamp, rC+
                  | Will+++ SInv Stlth-}
  6579 | D:6      | Found a glowing golden altar of the Shining One.
  7689 | D:6      | Found a runed translucent door.
  7690 | D:6      | Noticed Crazy Yiuf
  7698 | D:6      | Killed Crazy Yiuf
  7735 | D:6      | Noticed Blork the orc
  7745 | D:6      | Killed Blork the orc
  8229 | D:6      | Found a runed translucent door.
  8231 | D:6      | Noticed mainiacjoe's ghost (novice GrHu)
  8393 | D:6      | Noticed Grinder
  8413 | D:6      | Killed Grinder
  8445 | D:6      | Found a runed translucent door.
  8472 | D:6      | Killed mainiacjoe's ghost
  8923 | D:7      | Found a runed translucent door.
  8928 | D:7      | Reached XP level 10. HP: 82/82 MP: 20/20
  9346 | D:7      | Found a snail-covered altar of Cheibriados.
  9371 | D:7      | Noticed Pikel
  9398 | D:7      | Killed Pikel
  9735 | D:7      | Reached skill level 5 in Conjurations
  9735 | D:7      | Reached skill level 5 in Hexes
  9735 | D:7      | Reached skill level 5 in Summonings
  9735 | D:7      | Reached skill level 5 in Necromancy
  9735 | D:7      | Reached skill level 5 in Translocations
  9735 | D:7      | Reached skill level 5 in Transmutations
  9735 | D:7      | Reached skill level 5 in Fire Magic
  9735 | D:7      | Reached skill level 5 in Ice Magic
  9735 | D:7      | Reached skill level 5 in Air Magic
  9735 | D:7      | Reached skill level 5 in Earth Magic
  9735 | D:7      | Reached skill level 5 in Poison Magic
 10213 | D:8      | Noticed Prince Ribbit
 10229 | D:8      | Killed Prince Ribbit
 10438 | D:8      | Noticed Harold
 10452 | D:8      | Killed Harold
 10738 | D:8      | Found a staircase to the Lair.
 11044 | D:9      | Noticed a two-headed ogre
 11294 | D:9      | Killed a two-headed ogre
 11295 | D:9      | Reached XP level 11. HP: 89/89 MP: 22/22
 12314 | D:9      | Found a runed translucent door.
 12368 | D:9      | Found a shadowy altar of Dithmenos.
 12425 | D:9      | Noticed a deep elf archer
 12465 | D:10     | Entered Level 10 of the Dungeon
 12505 | D:10     | Found a staircase to the Orcish Mines.
 12779 | D:10     | Noticed a two-headed ogre
 12793 | D:10     | Killed a two-headed ogre
 13190 | D:10     | Noticed a two-headed ogre
 13200 | D:10     | Killed a two-headed ogre
 13364 | D:10     | Noticed a cyclops
 13376 | D:10     | Killed a cyclops
 13941 | D:10     | Found Jylal's Specific Store.
 13945 | D:10     | Found Awikoam's General Store.
 13949 | D:10     | Bought a potion of berserk rage for 60 gold pieces
 13949 | D:10     | Bought a scroll of teleportation for 36 gold pieces
 13949 | D:10     | Bought a scroll of magic mapping for 42 gold pieces
 14042 | D:11     | Noticed a boulder beetle
 14060 | D:11     | Killed a boulder beetle
 14166 | D:11     | Noticed a two-headed ogre
 14196 | D:11     | Killed a two-headed ogre
 14252 | D:11     | Noticed a boulder beetle
 14269 | D:11     | Killed a boulder beetle
 14270 | D:11     | Reached XP level 12. HP: 76/97 MP: 25/25
 15431 | D:12     | Reached skill level 10 in Fighting
 15431 | D:12     | Reached skill level 10 in Maces & Flails
 15431 | D:12     | Reached skill level 10 in Dodging
 15492 | D:12     | Noticed a two-headed ogre
 15898 | D:12     | Killed a two-headed ogre
 16953 | D:12     | Found a portal to a secret trove of treasure.
 17896 | D:13     | Noticed Nessos
 18407 | D:13     | Noticed an ettin
 18407 | D:13     | Noticed a seven-headed hydra
 18544 | D:13     | Killed Nessos
 18611 | D:13     | Reached XP level 13. HP: 78/104 MP: 27/27
 18730 | Lair:1   | Entered Level 1 of the Lair of Beasts
 18882 | Lair:1   | Found a gate leading to a gauntlet.
 18912 | Gauntlet | Entered a Gauntlet
 18912 | Gauntlet | Found a transporter.
 18917 | Gauntlet | Found a transporter.
 18917 | Gauntlet | Found a transporter.
 18948 | Gauntlet | Found a transporter.
 18977 | Gauntlet | Noticed a reaper
 18978 | Gauntlet | Found a transporter.
 18980 | Gauntlet | Found a transporter.
 18981 | Gauntlet | Found a transporter.
 18982 | Gauntlet | Noticed a green death
 19165 | Gauntlet | Found a transporter.
 19172 | Gauntlet | Identified the +3 pair of boots of the Stonemason {Rampage
                  | rElec Str+4}
 19186 | Gauntlet | Noticed a minotaur
 19194 | Gauntlet | Killed a minotaur
 19194 | Gauntlet | Identified a scroll of acquirement
 19204 | Gauntlet | Acquired 727 gold pieces
 19469 | Lair:1   | Reached *** piety under Ashenzari
 20465 | Lair:1   | Reached **** piety under Ashenzari
 21902 | Lair:3   | Found a staircase to the Snake Pit.
 22507 | Lair:4   | Found a frozen archway.
 22613 | IceCv    | Entered an ice cave
 23983 | IceCv    | Noticed a reaper
 23998 | IceCv    | Killed a reaper
 24187 | Lair:4   | Identified the +3 leather armour "Vurano" {rN+}
 24365 | Lair:4   | Learned a level 1 spell: Animate Skeleton
 24413 | Lair:4   | Reached XP level 14. HP: 118/118 MP: 32/32
 24760 | Lair:4   | Found a staircase to the Shoals.
 25438 | Lair:5   | Reached skill level 10 in Stealth
 25710 | Lair:5   | Noticed Sonja
 25719 | Lair:5   | Killed Sonja
 25932 | Lair:5   | Noticed Kirke
 25952 | Lair:5   | Killed Kirke
 25953 | Lair:5   | Reached skill level 10 in Invocations
 25953 | Lair:5   | Reached ***** piety under Ashenzari
 26514 | Lair:6   | Entered Level 6 of the Lair of Beasts
 27313 | Lair:6   | Found a staircase to the Slime Pits.
 27447 | Lair:6   | Identified the +1 pair of gloves "Jighirill" {Dex+3 Slay+2}
 27706 | Lair:6   | Identified the +8 plate armour "Tunnilud" {rF- Str+2 Int+4}
 28800 | Lair:6   | Reached XP level 15. HP: 78/124 MP: 34/34
 29150 | Lair:6   | Found a corrupted altar of Lugonu.
 29150 | Lair:6   | Found a one-way gate to the infinite horrors of the Abyss.
 29151 | Lair:6   | Identified the ring of Fytsuenu {Wiz rPois}
 30178 | D:13     | Found a gate to the Vaults.
 30802 | D:14     | Reached skill level 10 in Short Blades
 30802 | D:14     | Reached skill level 10 in Long Blades
 30802 | D:14     | Reached skill level 10 in Axes
 30802 | D:14     | Reached skill level 10 in Polearms
 30802 | D:14     | Reached skill level 10 in Staves
 30802 | D:14     | Reached skill level 10 in Slings
 30802 | D:14     | Reached skill level 10 in Bows
 30802 | D:14     | Reached skill level 10 in Crossbows
 30802 | D:14     | Reached skill level 10 in Throwing
 30802 | D:14     | Reached skill level 10 in Armour
 30802 | D:14     | Reached skill level 10 in Shields
 30802 | D:14     | Reached skill level 10 in Unarmed Combat
 30802 | D:14     | Reached skill level 10 in Spellcasting
 30802 | D:14     | Reached skill level 10 in Evocations
 30937 | Orc:1    | Entered Level 1 of the Orcish Mines
 31078 | Orc:1    | Noticed Maurice
 31096 | Orc:1    | Killed Maurice
 31404 | Orc:1    | Found Vygeuzumn's Antique Weapon Boutique.
 31623 | Orc:2    | Entered Level 2 of the Orcish Mines
 31716 | Orc:2    | Found a staircase to the Elven Halls.
 32528 | Orc:2    | Found Derus's Armour Shop.
 32528 | Orc:2    | Found Woifu's Assorted Antiques.
 32535 | Orc:2    | Found Qopuz's Antique Weapon Boutique.
 32537 | Orc:2    | Found Roted's General Store.
 32587 | Orc:2    | Bought a wand of digging (3) for 182 gold pieces
 32589 | Orc:2    | Bought a scroll of enchant armour for 202 gold pieces
 33280 | D:14     | Found Ukkerek's Magic Scroll Emporium.
 33284 | D:14     | Bought a scroll of enchant weapon for 97 gold pieces
 33284 | D:14     | Bought a scroll of teleportation for 39 gold pieces
 33284 | D:14     | Bought a scroll of fear for 45 gold pieces
 33284 | D:14     | Bought a scroll of enchant weapon for 97 gold pieces
 33284 | D:14     | Bought a scroll of fog for 26 gold pieces
 33766 | D:14     | Identified the Guide on Harmful Clay
 33947 | D:14     | Learned a level 3 spell: Call Canine Familiar
 33950 | D:14     | Learned a level 2 spell: Slow
 34273 | D:15     | Entered Level 15 of the Dungeon
 34273 | D:15     | Identified the +4 ring mail of Kaxtixoato {Dex+2}
 34700 | D:15     | Noticed Azrael
 34724 | D:15     | Killed Azrael
 35163 | D:15     | Found a staircase to the Depths.
 35594 | Snake:1  | Entered Level 1 of the Snake Pit
 35598 | Snake:1  | Noticed Frances
 35637 | Snake:1  | Killed Frances
 35638 | Snake:1  | Reached XP level 16. HP: 124/133 MP: 32/35
 35977 | Snake:1  | Noticed Louise
 36336 | Snake:1  | Killed Louise
 37184 | Snake:2  | Noticed a nagaraja
 37197 | Snake:2  | Killed a nagaraja
 37987 | Snake:2  | Noticed Asterion
 37992 | Snake:2  | Killed Asterion
 37999 | Snake:2  | Noticed Vashnia
 38018 | Snake:2  | Killed Vashnia
 38020 | Snake:2  | Identified Roxanne's Guide on Transmutation
 38020 | Snake:2  | Noticed Roxanne
 38426 | Snake:2  | Noticed a nagaraja
 38435 | Snake:2  | Killed a nagaraja
 38741 | Snake:2  | Killed Roxanne
 39520 | Snake:3  | Reached XP level 17. HP: 83/144 MP: 34/38
 41855 | Snake:4  | Entered Level 4 of the Snake Pit
 42644 | Snake:4  | Reached skill level 10 in Conjurations
 42644 | Snake:4  | Reached skill level 10 in Hexes
 42644 | Snake:4  | Reached skill level 10 in Summonings
 42644 | Snake:4  | Reached skill level 10 in Necromancy
 42644 | Snake:4  | Reached skill level 10 in Translocations
 42644 | Snake:4  | Reached skill level 10 in Transmutations
 42644 | Snake:4  | Reached skill level 10 in Fire Magic
 42644 | Snake:4  | Reached skill level 10 in Ice Magic
 42644 | Snake:4  | Reached skill level 10 in Air Magic
 42644 | Snake:4  | Reached skill level 10 in Earth Magic
 42644 | Snake:4  | Reached skill level 10 in Poison Magic
 43299 | Snake:4  | Found Farun's Neck Hole.
 43307 | Snake:4  | Bought the amulet "Forget-Me-Not" {Reflect rElec Regen+
                  | SH+5} for 880 gold pieces
 43643 | Snake:4  | Got a serpentine rune of Zot
 44096 | Shoals:1 | Entered Level 1 of the Shoals
 44324 | Shoals:1 | Reached XP level 18. HP: 152/152 MP: 40/40
 44348 | Shoals:1 | Noticed Nikola
 44358 | Shoals:1 | Killed Nikola
 44922 | Shoals:2 | Noticed Polyphemus
 44947 | Shoals:1 | Killed Polyphemus
 45327 | Shoals:2 | Identified the +5 quarterstaff "Cuuciato" {freeze, rPois
                  | Will+ Str-5}
 46744 | Shoals:4 | Entered Level 4 of the Shoals
 47008 | Shoals:4 | Identified the +9 chain mail "Wiorix" {-Tele rElec rCorr
                  | Str+5}
 47106 | Shoals:4 | Noticed Donald
 47125 | Shoals:4 | Killed Donald
 47516 | Shoals:4 | Reached XP level 19. HP: 101/159 MP: 42/42
 47527 | Shoals:4 | Got a barnacled rune of Zot
 47688 | Shoals:4 | Identified the +2 pair of boots of Somewhere Else {Rampage
                  | rF+ Int+3}
 47726 | Shoals:4 | Identified the Collected Works on Calling
 48711 | D:15     | Found a glowing golden altar of the Shining One.
 48906 | Vaults:1 | Entered Level 1 of the Vaults
 48983 | Vaults:1 | Paralysed by a sphinx for 4 turns
 48987 | Vaults:1 | HP: 5/161 [sphinx (5)]
 48988 | Vaults:1 | Quit the game

Illustrated notes

Levels and vault maps discovered:
D:1:      lemuel_arrival_lava_pool, layout_rooms,
          dreamdust_ecumenical_altar_sealed_demon, serial_forest,
          infiniplex_forest_lined_ring, infiniplex_forest_side_room,
          infiniplex_forest_end_3, infiniplex_forest_lined_4_way,
          infiniplex_forest_clump_diagonal, infiniplex_forest_clump_curved,
          hangedman_abyss_or_decor_stabs
D:2:      layout_basic, uniq_robin
D:3:      layout_loops_corners, nicolae_overflow_hidden_temple,
          grunt_gozag_breadcrumbs, serial_park_tiny_1, kennysheep_nondescript
D:4:      layout_cave_pools, eat_drink_and_be_merry_uskayaw, trog_wizard,
          enter_ossuary_2, roderic_lattice_a
D:5:      layout_loops_ring, mainiacjoe_overflow_large_starburst,
          lemuel_tele_altar, mainiacjoe_overflow_divided_tiny,
          minmay_temple_entry_tees, gup_sewer_entry_glass
D:6:      layout_basic, mainiacjoe_overflow_alcove_2, ebering_ghost_sewer_f,
          uniq_blork_the_orc, uniq_crazy_yiuf_cottage, uniq_grinder
D:7:      layout_basic, kennysheep_slug_shrine, lightli_church_of_beogh,
          uniq_pikel
D:8:      layout_loops_ring, grunt_lair_entry_orc_guard_hut,
          uniq_prince_ribbit1, uniq_harold
D:9:      layout_long_grid, nicolae_dithmenos_through_a_glass_darkly,
          wad_hexagon
D:10:     layout_gridville, david_orc_2, minmay_misc_feat_roman,
          nicolae_specific_store, grunt_decor_cap, nicolae_looking_at_the_future
D:11:     layout_stronghold, chequers_serial_rivers_large_a
D:12:     layout_irregular_city, enter_trove_0, small_statue_intersection
D:13:     layout_loops_ring, david_vaults_4, uniq_nessos
D:14:     layout_loops_cross, serial_shops, kennysheep_mini_moat,
          hangedman_decor_diamond_cutter, minmay_misc_feat_encased,
          grunt_decor_resistance
D:15:     hangedman_depths_entry_try_elsewhere_first, layout_long_grid,
          hangedman_decor_riveting, tso_altar, uniq_azrael
Lair:1:   layout_long_grid, gauntlet_entry_generic, serial_bayou_lagoon_b,
          grunt_megastairs_1, serial_bayou_shore_b, lemuel_fruit_fields
Lair:2:   layout_roguey, infiniplex_staircase_pool_2
Lair:3:   layout_concentric_octagons, guppyfry_snake_entry_garden
Lair:4:   layout_small_grid, minmay_shoals_entry_lonely_mermaid,
          portal_ice_cave_entry_pillars_1, worms_lemuel
Lair:5:   layout_cellular_growth, uniq_sonja, uniq_kirke
Lair:6:   hellmonk_lair_end_abyssal_woods, layout_loops_ring,
          nicolae_slime_entry_slimehenge, wad_woods_road_02,
          lemuel_fruit_fields, grunt_megastairs_5
Shoals:1: layout_shoals, uniq_nikola
Shoals:2: layout_shoals, uniq_polyphemus
Shoals:3: layout_shoals
Shoals:4: shoals_end_simple, layout_shoals, nicolae_shoals_kraken_intersection,
          uniq_donald
Snake:1:  layout_misc_corridors, uniq_frances, uniq_louise
Snake:2:  layout_grid_maze, uniq_asterion, uniq_vashnia, uniq_roxanne
Snake:3:  layout_misc_corridors, special_room
Snake:4:  johnstein_snake_rune_scales, layout_gridlike, st_stairs_10,
          nicolae_shop_sticking_my_neck_out, uniq_aizul
Orc:1:    layout_diamond_mine, serial_shops, nicolae_shop_trees, uniq_maurice
Orc:2:    st_orc_mages, layout_caves
Vaults:1: hangedman_vaults_nails, nicolae_vaults_network_square,
          hellmonk_guarded_unrand_gong, dpeg_vaults_monster_row,
          nicolae_vaults_sealed_display, v_pattern_1, vaults_mumra_hexcomb,
          vaults_dpeg_encased_lava, grunt_vaults_hallway_long,
          nicolae_vaults_circle_grid_b, layout_vaults_big_cross,
          portal_desolation_entry_nicolae_slug

Skill      XL: |  1  2  3  4  5  6  7  8  9 10 11 12 13 14 15 16 17 18 19 |
---------------+----------------------------------------------------------+-----
Invocations    | 1 2 5 6 7 8 9 10 11 12 13 | 13.7
Short Blades   | 1 2 5 6 7 8 9 10 11 12 | 12.7
Long Blades    | 1 2 5 6 7 8 9 10 11 12 | 12.7
Axes           | 1 2 5 6 7 8 9 10 11 12 | 12.7
Polearms       | 1 2 5 6 7 8 9 10 11 12 | 12.7
Staves         | 1 2 5 6 7 8 9 10 11 12 | 12.7
Slings         | 1 2 5 6 7 8 9 10 11 12 | 12.7
Bows           | 1 2 5 6 7 8 9 10 11 12 | 12.7
Crossbows      | 1 2 5 6 7 8 9 10 11 12 | 12.7
Throwing       | 1 2 5 6 7 8 9 10 11 12 | 12.7
Armour         | 1 2 5 6 7 8 9 10 11 12 | 12.7
Shields        | 1 2 5 6 7 8 9 10 11 12 | 12.7
Unarmed Combat | 1 2 5 6 7 8 9 10 11 12 | 12.7
Spellcasting   | 1 2 5 6 7 8 9 10 11 12 | 12.7
Evocations     | 1 2 5 6 7 8 9 10 11 12 | 12.7
Conjurations   | 1 4 5 6 7 8 9 10 | 10.9
Hexes          | 1 4 5 6 7 8 9 10 | 10.9
Summonings     | 1 4 5 6 7 8 9 10 | 10.9
Necromancy     | 1 4 5 6 7 8 9 10 | 10.9
Translocations | 1 4 5 6 7 8 9 10 | 10.9
Transmutations | 1 4 5 6 7 8 9 10 | 10.9
Fire Magic     | 1 4 5 6 7 8 9 10 | 10.9
Ice Magic      | 1 4 5 6 7 8 9 10 | 10.9
Air Magic      | 1 4 5 6 7 8 9 10 | 10.9
Earth Magic    | 1 4 5 6 7 8 9 10 | 10.9
Poison Magic   | 1 4 5 6 7 8 9 10 | 10.9
Fighting       | 8 9 10 11 12 13 14 | 14.0
Maces & Flails | 8 9 10 11 12 13 14 | 14.0
Dodging        | 8 9 10 11 12 13 14 | 14.0
Stealth        | 6 7 8 9 10 11 12 13 | 13.2

Action                   |  1- 3 |  4- 6 |  7- 9 | 10-12 | 13-15 | 16-18 | 19-21 || total
-------------------------+-------+-------+-------+-------+-------+-------+-------++-------
Melee: Mace              |   117 |     9 |   146 |   825 |   699 |       |       ||  1796
       Bite              |     7 |     9 |    41 |   106 |   307 |   156 |    30 ||   656
       Long sword        |       |   128 |   134 |       |       |       |       ||   262
       Punch             |       |     2 |     4 |       |       |       |       ||     6
       Scimitar          |       |       |       |       |   375 |       |       ||   375
       Morningstar       |       |       |       |       |   925 |    86 |       ||  1011
       Demon trident     |       |       |       |       |       |  1635 |   239 ||  1874
Throw: Dart              |       |       |    10 |   106 |    21 |     4 |       ||   141
       Boomerang         |       |       |     1 |    37 |    18 |    29 |     8 ||    93
       Throwing net      |       |       |       |     2 |       |       |       ||     2
       Javelin           |       |       |       |       |    12 |    12 |       ||    24
 Cast: Slow              |       |       |       |       |       |     3 |       ||     3
       Animate Skeleton  |       |       |       |       |       |     2 |       ||     2
       Call Canine Famil |       |       |       |       |       |     1 |       ||     1
Invok: Curse Item        |       |       |     3 |     1 |     5 |     2 |       ||    11
       Shatter the Chain |       |       |       |     1 |     2 |     1 |       ||     4
Evoke: Wand              |       |       |       |    12 |    43 |    34 |     6 ||    95
       Phantom mirror    |       |       |       |     1 |       |     2 |       ||     3
       Lightning rod     |       |       |       |       |    23 |    12 |       ||    35
       Condenser vane    |       |       |       |       |     5 |     4 |       ||     9
       Tin of tremorston |       |       |       |       |     4 |    10 |     2 ||    16
  Use: Scroll            |       |     8 |     1 |     2 |     3 |     2 |       ||    16
       Potion            |       |     3 |     3 |     2 |     2 |     3 |       ||    13
 Stab: Sleeping          |     7 |     5 |    12 |     4 |     3 |     5 |     3 ||    39
       Distracted        |       |       |       |     1 |     1 |     1 |     2 ||     5
       Held in net/web   |       |       |       |     6 |       |       |       ||     6
       Paralysed         |       |       |       |       |    10 |       |       ||    10
Armor: Robe              |     6 |       |       |       |       |       |       ||     6
       Leather armour    |    12 |       |       |       |       |       |       ||    12
       Ring mail         |       |    41 |    67 |   211 |       |       |       ||   319
       Chain mail        |       |       |       |    34 |   453 |     3 |       ||   490
       Plate armour      |       |       |       |       |   682 |   587 |    70 ||  1339
Dodge: Dodged            |    93 |   106 |   172 |   423 |   971 |   594 |    36 ||  2395
Block: Kite shield       |       |       |    58 |   439 |  1492 |  1181 |   111 ||  3281
       Reflection        |       |       |       |       |       |    73 |     6 ||    79
       Rpst.: Long sword |       |    31 |    24 |       |       |       |       ||    55
       Scimitar          |       |       |       |       |    39 |       |       ||    39
